Map: Last Fantasy LE

Players

Solar

  • Race: Zerg Zerg
  • Spawn Location: 7:00

Cure - Winner!

  • Race: Terran Terran
  • Spawn Location: 3:00

Event: Esports World Cup 2025

VOD

Have the link to the VOD?

Description

Time

  • Played on: July 25, 2025, 10:22 a.m.
  • Length: 6:51

All games in this series

Show
View Real Time Build Order
Export as new Build Order

Solar Zerg 

Build Orders: Hatch First 

Get SALT Encoding   

  12  0:00  Drone  
  13  0:08  Drone  
  13  0:14  Drone, Extractor  
  15  0:21  Overlord  
  15  0:40  Drone  
  16  0:45  Hatchery  
  16  0:49  Drone  
  16  0:53  Drone  
  16  0:56  Drone  
  18  1:07  Extractor  
  17  1:12  Spawning Pool  
  17  1:15  Drone  
  17  1:17  Drone  
  18  1:27  Drone  
  19  1:38  Drone  
  20  1:52  Drone  
  21  1:59  Zergling x4, Queen x2  
  27  2:07  Metabolic Boost  
  27  2:09  Zergling x2  
  27  2:13  Overlord  
  28  2:32  Drone x2  
  28  2:33  Drone  
  28  2:35  Queen  
  33  2:40  Overlord  
  33  2:45  Zergling x4  
  35  2:53  Zergling x2  
  35  2:57  Queen  
  38  2:59  Zergling x2  
  38  3:04  Overlord  
  38  3:05  Drone  
  39  3:09  Drone x4  
  43  3:15  Overlord  
  43  3:18  Zergling x2  
  44  3:22  Overlord  
  44  3:25  Zergling x2  
  45  3:27  Zergling x2  
  45  3:30  Zergling x2  
  47  3:39  Zergling x4  
  49  3:44  Hatchery  
  49  3:47  Drone x3  
  51  3:50  Drone  
  51  3:51  Drone  
  51  3:53  Drone  
  54  4:00  Queen  
  54  4:02  Drone  
  57  4:05  Zergling x4  
  59  4:12  Overlord  
  59  4:15  Drone  
  59  4:16  Drone x3  
  61  4:23  Drone  
  61  4:24  Drone x2, Evolution Chamber  
  63  4:25  Drone  
  63  4:27  Drone  
  64  4:36  Zergling x2  
  65  4:38  Queen  
  65  4:41  Extractor  
  66  4:47  Drone x2  
  66  4:50  Zergling x2  
  68  4:56  Drone x2  
  68  4:59  Queen  
  73  5:00  Drone x4  
  76  5:09  Drone  
  76  5:11  Drone, Overlord  
  76  5:12  Drone  
  76  5:13  Drone  
  76  5:14  Drone  
  80  5:19  Overlord  
  80  5:28  Queen  
  80  5:29  Lair  
  80  5:30  Zergling x6  
  80  5:33  Drone  
  80  5:34  Extractor  
  85  5:36  Drone  
  85  5:39  Zergling x6  
  85  5:42  Drone  
  89  5:43  Drone  
  89  5:46  Hatchery  
  89  5:48  Drone  
  90  5:50  Zergling x12  
  90  5:54  Queen  
  98  6:00  Overlord x3  
  98  6:04  Overlord  
  98  6:09  Overlord  
  98  6:13  Overlord  
  97  6:19  Zergling x2  
  97  6:20  Zergling x8  
  97  6:24  Zergling x6  
  88  6:33  Zergling x6  
Show
View Real Time Build Order
Export as new Build Order

Cure Terran - Winner!

Build Orders:  

Get SALT Encoding   

  12  0:00  SCV  
  13  0:12  SCV  
  14  0:17  Supply Depot  
  14  0:24  SCV  
  15  0:39  SCV  
  15  0:40  Barracks  
  16  0:43  Refinery  
  16  0:51  SCV  
  17  0:59  Barracks  
  17  1:03  SCV  
  18  1:15  SCV  
  19  1:20  Barracks  
  19  1:26  Reaper  
  20  1:36  Orbital Command  
  20  1:43  Refinery  
  20  1:46  Reaper  
  21  1:53  Supply Depot  
  21  2:02  SCV  
  21  2:03  Reaper  
  23  2:15  Reaper, SCV  
  25  2:19  Supply Depot  
  25  2:23  Reaper  
  25  2:27  SCV  
  27  2:35  Reaper  
  28  2:39  SCV  
  29  2:47  Reaper  
  30  2:51  SCV  
  31  2:58  Reaper  
  31  3:02  Command Center  
  33  3:05  SCV  
  33  3:13  Barracks Reactor  
  33  3:17  SCV  
  34  3:22  Engineering Bay, Barracks Reactor  
  34  3:29  SCV  
  34  3:32  Barracks Tech Lab  
  35  3:42  SCV  
  36  3:48  Factory  
  36  3:50  Marine  
  36  3:51  Stimpack  
  36  3:53  Marine  
  36  3:54  SCV  
  39  4:13  Marine x3, SCV  
  43  4:19  Orbital Command  
  43  4:20  Marine  
  43  4:22  Terran Infantry Weapons Level 1  
  43  4:25  SCV  
  43  4:28  Refinery, Supply Depot  
  44  4:31  Marine  
  44  4:38  Factory Reactor  
  44  4:39  SCV  
  44  4:43  Starport  
  45  4:46  SCV  
  45  4:51  Marine x3, SCV  
  45  4:52  Marine  
  51  4:54  Marine  
  51  4:58  SCV  
  53  5:00  Supply Depot  
  53  5:09  Marine x3, SCV  
  53  5:10  SCV  
  58  5:24  SCV x2, Factory Tech Lab  
  58  5:25  Marine x2  
  58  5:27  Supply Depot  
  62  5:29  Marine x2, Medivac x2  
  68  5:37  SCV x2  
  70  5:45  Refinery  
  70  5:49  Supply Depot, Marine x3  
  73  5:51  Siege Tank  
  73  5:55  SCV x2  
  78  6:05  Supply Depot  
  78  6:10  Marine x5, Medivac  
  85  6:28  Marine x4  
  85  6:29  SCV  
  85  6:30  SCV  
Tags
 
Add a new tag
Caveats
  • Supply blocks, unpowered buildings, or Contaminate may cause inaccurate times.
  • Supply counts are checked every 10 seconds.